 Dungeon Crawl Stone Soup version 0.29-a0-653-gd47aff6735 (webtiles) character file.

Game seed: 5404406876262573336

35548 DocClef the Warrior (level 13, -14/123 HPs)
             Began as a Minotaur Gladiator on June 21, 2022.
             Was an Elder of Hepliaklqana.
             Demolished by a freezing wraith (19 damage)
             ... in an ice cave.
             The game lasted 00:14:35 (14221 turns).

DocClef the Warrior (Minotaur Gladiator)           Turns: 14221, Time: 00:14:36

Health: -14/123    AC: 21    Str: 33    XL:     13   Next: 48%
Magic:  4/4        EV:  9    Int: 13    God:    Hepliaklqana [****..]
Gold:   191        SH:  0    Dex: 10    Spells: 12/12 levels left

rFire   + . .      SeeInvis +   f - +7 dire flail of Shrieking Terror {antimagic, Fly Str+6 Int+5}
rCold   . . .      Faith    .   (shield currently unavailable)
rNeg    + . .      Spirit   .   i - +0 plate armour
rPois   .          Reflect  .   c - +1 hat
rElec   .          Harm     .   (no cloak)
rCorr   .          Rampage  .   t - +0 pair of gloves
Will    .....      Clarity  +   r - +1 pair of boots "Bumimaf" {rF+ rN+}
Stlth   ..........              p - amulet of the acrobat
HPRegen 0.30/turn               h - ring of flight
MPRegen 0.09/turn               y - ring of see invisible

@: flying, slowed, very slow
A: reduced essence, horns 2, retaliatory headbutt, clarity, clever 1, strong 1
a: Renounce Religion, Recall Ancestor, Ancestor Identity, Transference, Idealise


You were in an ice cave.
You worshipped Hepliaklqana.
Hepliaklqana was greatly pleased with you.
You visited 3 branches of the dungeon, and saw 15 of its levels.
You also visited: Sewer and Ice Cave.

You collected 774 gold pieces.
You spent 583 gold pieces at shops.

Inventory:

Hand Weapons
 f - the +7 dire flail of Shrieking Terror (weapon) {antimagic, Fly Str+6 Int+5}
   (You found it in a sewer)

   It reduces the magical energy of the wielder, and disrupts the spells and
   magical abilities of those it strikes.
   Natural abilities and divine invocations are not affected.
   Str:       It affects your strength (+6).
   Int:       It affects your intelligence (+5).
   Fly:       It grants you flight.
 n - a +2 hand axe of flaming
 F - a +5 eveningstar
Missiles
 d - 2 throwing nets (quivered)
 e - 8 javelins
Armour
 c - a +1 hat (worn)
 i - a +0 plate armour (worn)
 m - a +0 buckler
 r - the +1 pair of boots "Bumimaf" (worn) {rF+ rN+}
   (You found it on level 2 of the Dungeon)

   rF:        It protects you from fire.
   rN:        It protects you from negative energy.
 t - a +0 pair of gloves (worn)
Jewellery
 a - an amulet of magic regeneration
 h - a ring of flight (left hand)
 p - an amulet of the acrobat (around neck)
 y - a ring of see invisible (right hand)
Wands
 j - a wand of iceblast (10)
 A - a wand of paralysis (11)
 C - a wand of light (3)
Scrolls
 g - 3 scrolls of blinking
 l - 3 scrolls of teleportation
 q - 2 scrolls of fear
 s - 2 scrolls of enchant armour
 u - 5 scrolls of identify
 v - a scroll of amnesia
 B - a scroll of fog
Potions
 b - 2 potions of ambrosia
 k - 2 potions of heal wounds
 o - a potion of attraction {unknown}
 w - 2 potions of might
 x - a potion of invisibility
 z - 2 potions of mutation
 D - 3 potions of curing
 E - a potion of brilliance {unknown}
 G - a potion of haste {unknown}
 H - a potion of cancellation {unknown}


   Skills:
 - Level 19.0 Fighting
 - Level 3.6(9.6) Axes
 - Level 13.7(14.0) Maces & Flails
 - Level 2.0 Throwing
 + Level 13.0 Armour
 - Level 3.2 Dodging


You had 12 spell levels left.
You didn't know any spells.
Your spell library contained the following spells:

 Spells                   Type           Power      Damage    Failure   Level
 Freeze                   Ice            0%         1d3       85%         1
 Slow                     Hex            0%         N/A       85%         1
 Blink                    Tloc           0%         N/A       94%         2
 Ensorcelled Hibernation  Hex/Ice        0%         N/A       94%         2
 Passwall                 Tmut/Erth      0%         N/A       94%         2
 Confusing Touch          Hex            0%         N/A       99%         3
 Dazzling Flash           Conj/Hex       0%         N/A       99%         3
 Frozen Ramparts          Ice            0%         1d2       99%         3
 Inner Flame              Hex/Fire       0%         N/A       99%         3
 Ozocubu's Armour         Ice            0%         N/A       99%         3
 Spider Form              Tmut/Pois      0%         N/A       99%         3
 Summon Guardian Golem    Hex/Summ       0%         N/A       99%         3
 Swiftness                Air            0%         N/A       99%         3
 Vampiric Draining        Necr           0%         2d6       99%         3
 Anguish                  Hex/Necr       0%         N/A       100%        4
 Cause Fear               Hex            0%         N/A       100%        4
 Hailstorm                Conj/Ice       0%         3d3       100%        4
 Iskenderun's Mystic Bla  Conj/Tloc      0%         2d3       100%        4
 Manifold Assault         Tloc           0%         N/A       100%        5
 Metabolic Englaciation   Hex/Ice        0%         N/A       100%        5
 Simulacrum               Ice/Necr       0%         N/A       100%        6
 Starburst                Conj/Fire      0%         6d3       100%        6
 Orb of Destruction       Conj           0%         9d5       100%        7
 Spellforged Servitor     Conj/Summ      0%         N/A       100%        7
 Storm Form               Tmut/Air       0%         N/A       100%        7
 Discord                  Hex            0%         N/A       100%        8


Dungeon Overview and Level Annotations

Branches:
Dungeon (9/15)             Temple (1/1) D:5            Lair (5/6) D:8
  Swamp (0/4) Lair:4       Spider (0/4) Lair:3        Sewer (visited)
  IceCv (1/1)
  Slime: Lair:5-6       Orc: D:9-12

Altars:
Ashenzari
Cheibriados
Dithmenos
Elyvilon
Gozag
Hepliaklqana
Kikubaaqudgha
Makhleb
Nemelex Xobeh
Okawaru
Qazlal
Ru
Sif Muna
Trog
Uskayaw
Vehumet
Wu Jian
Xom
Yredelemnul
Zin
The Shining One

Shops:
D:1 =*!


Innate Abilities, Weirdness & Mutations

Your life essence is reduced to manifest your ancestor. (-10% HP)
You have a pair of horns on your head.
You reflexively headbutt those who attack you in melee.
You possess an exceptional clarity of mind.
Your mind is acute. (Int +4, Str/Dex-1)
Your muscles are strong. (Str +4, Int/Dex-1)


Message History

* * * LOW HITPOINT WARNING * * *
The freezing wraith hits you!
* * * LOW HITPOINT WARNING * * *
The freezing wraith drains your vigour!
You feel yourself slow down.
The ice devil hits Centenhua.
The ice devil freezes Centenhua!
Centenhua resists.
The ice devil hits you but does no damage.
You feel much better.
The ice devil closely misses Centenhua.
The freezing wraith hits you but does no damage. x2
The ice devil misses Centenhua.
The ice devil hits you. The ice devil freezes you!!
* * * LOW HITPOINT WARNING * * *
Centenhua hits the ice devil with a +0 quarterstaff!
You feel much better. The freezing wraith barely misses you.
The freezing wraith hits you but does no damage.
The ice devil hits Centenhua!
The ice devil freezes Centenhua!
Centenhua resists.
The ice devil hits Centenhua!
Centenhua is destroyed!
The ice devil hits you but does no damage.
The freezing wraith hits you but does no damage.
The freezing wraith completely misses you.
You hit the ice devil. You headbutt the ice devil.
You kill the ice devil!
Your Armour skill increases to level 13!
Unknown command.
The ice devil misses you. You furiously retaliate!
You headbutt the ice devil! The freezing wraith closely misses you.
The freezing wraith completely misses you.
The freezing wraith attacks as you move away!
The freezing wraith hits you!
* * * LOW HITPOINT WARNING * * *
The freezing wraith freezes you!!
* * * LOW HITPOINT WARNING * * *
The freezing wraith closely misses you.
You hit the freezing wraith but do no damage.
The freezing wraith hits you!
* * * LOW HITPOINT WARNING * * *
The freezing wraith freezes you!!
You die...

#......##
##..8#..##
#..###R.##
#[[# ##..#
######..##
##..###
#..##.##
#..#44.##
#.@#.ZZ4#
##.W.#.Z.Z...
##4.#.Z4Z...
#####84Z...
Z4.Z.. ...._.
..... .....


You could see an ice devil and a freezing wraith.

Vanquished Creatures
  Fannar (Lair:1)
  A boulder beetle (Lair:2)
  A hydra (Lair:4)
  A two-headed ogre (D:8)
  Urug (Lair:3)
  An oklob plant (Lair:1)
  9 cane toads
  3 torpor snails (Lair:4)
  6 komodo dragons
  2 rime drakes
  An ice devil (IceCv)
  16 blink frogs
  A wyvern (Lair:4)
  23 yaks
  2 death yak simulacra (IceCv)
  A vampire mosquito (D:6)
  A harpy simulacrum (IceCv)
  5 water moccasins
  An ice beast (D:7)
  3 black bears
  2 sky beasts
  3 wolves (Lair:1)
  4 ogres
  2 centaurs
  3 phantoms
  A kobold brigand (D:7)
  15 bullfrogs
  A necrophage (D:5)
  5 scorpions
  An elephant simulacrum (IceCv)
  4 howler monkeys
  10 hounds
  4 orc priests
  5 jellies
  Ijyb (D:4)
  Natasha (twice) (D:3)
  7 iguanas
  6 orc wizards
  A spriggan simulacrum (IceCv)
  9 adders
  8 gnolls
  A river rat (D:3)
  A shadow imp (D:6)
  12 white imps
  An ufetubus (D:5)
  2 worms (Lair:3)
  2 dart slugs
  20 orcs
  18 endoplasms
  12 giant cockroaches
  11 goblins
  9 hobgoblins
  2 jackals (D:2)
  6 quokkas
  15 ball pythons
  2 bats
  10 frilled lizards
  15 kobolds
  10 rats
323 creatures vanquished.

Vanquished Creatures (collateral kills)
  A torpor snail (Lair:3)
  2 cane toads
  2 freezing wraiths (IceCv)
  2 rime drakes
  An ice devil (IceCv)
  A polar bear (Lair:1)
  Prince Ribbit (D:8)
  5 blink frogs
  3 yaks
  A wolf (Lair:1)
  A kobold brigand (D:8)
  3 bullfrogs
  An elephant simulacrum (IceCv)
  2 jellies (Lair:1)
  A white imp (Lair:5)
  A worm (Lair:3)
  4 endoplasms (Lair:1)
  2 kobolds (D:8)
  6 butterflies
40 creatures vanquished.

Vanquished Creatures (others)
  2 battlemagi
  11 fungi
  8 plants
21 creatures vanquished.

Grand Total: 384 creatures vanquished

Notes
Turn   | Place    | Note
-------+----------+-------------------------------------------
     0 | D:1      | DocClef the Minotaur Gladiator began the quest for the Orb.
     0 | D:1      | Reached XP level 1. HP: 18/18 MP: 0/0
   159 | D:1      | Reached skill level 3 in Fighting
   272 | D:1      | Found Heit's Assorted Antiques.
   319 | D:1      | Reached XP level 2. HP: 26/26 MP: 1/1
   489 | D:1      | You fall into a shaft and drop 1 floor!
   780 | D:2      | Reached skill level 4 in Fighting
   900 | D:2      | Reached XP level 3. HP: 9/34 MP: 2/2
  1317 | D:1      | Found Araire Geppe's Distillery.
  1597 | D:1      | Found Jecadu's Jewellery Emporium.
  1931 | D:2      | Identified the +1 pair of boots "Bumimaf" {rF+ rN+}
  2045 | D:2      | Reached skill level 5 in Fighting
  2208 | D:2      | Reached XP level 4. HP: 41/42 MP: 3/3
  2387 | D:3      | Found a glowing drain.
  2407 | Sewer    | Entered a sewer
  2455 | Sewer    | Noticed a bullfrog
  2455 | Sewer    | Noticed a bullfrog
  2459 | Sewer    | Killed a bullfrog
  2460 | Sewer    | Reached skill level 6 in Fighting
  2460 | Sewer    | Reached XP level 5. HP: 37/51 MP: 4/4
  2461 | Sewer    | Reached skill level 7 in Fighting
  2467 | Sewer    | Identified the +7 dire flail of Shrieking Terror
                  | {antimagic, Fly Str+6 Int+5}
  2691 | D:3      | Reached skill level 1 in Maces & Flails
  2691 | D:3      | Reached XP level 6. HP: 57/60 MP: 1/5
  2807 | D:3      | Found a faded altar of an unknown god.
  3181 | D:3      | Reached skill level 8 in Fighting
  3316 | D:3      | Noticed Natasha
  3320 | D:3      | Killed Natasha
  3488 | D:3      | Noticed Natasha
  3493 | D:3      | Killed Natasha
  3629 | D:4      | Reached XP level 7. HP: 69/69 MP: 2/6
  3907 | D:4      | Noticed Ijyb
  3911 | D:4      | Killed Ijyb
  3912 | D:4      | Reached skill level 9 in Fighting
  3980 | D:4      | Reached skill level 5 in Maces & Flails
  4625 | D:5      | Entered Level 5 of the Dungeon
  4650 | D:5      | Reached XP level 8. HP: 78/78 MP: 2/7
  4653 | D:5      | Found an opulent altar of Gozag.
  4715 | D:5      | Found a glowing silver altar of Zin.
  4815 | D:5      | Reached skill level 10 in Fighting
  4931 | D:5      | Found a staircase to the Ecumenical Temple.
  5052 | Temple   | Entered the Ecumenical Temple
  5366 | Temple   | Became a worshipper of Hepliaklqana the Forgotten
  5813 | D:6      | Reached skill level 11 in Fighting
  6214 | D:6      | Reached XP level 9. HP: 79/88 MP: 2/8
  6282 | D:6      | Reached skill level 12 in Fighting
  6616 | D:7      | Reached * piety under Hepliaklqana
  6895 | D:7      | Reached skill level 10 in Maces & Flails
  6936 | D:7      | Identified the +9 long sword of Bloody Death {flame, rElec
                  | Will+ rCorr Dex-4}
  7322 | D:8      | Reached ** piety under Hepliaklqana
  7323 | D:8      | Remembered your ancestor Centenhua as a battlemage
  7324 | D:8      | Found a staircase to the Lair.
  7495 | D:8      | Noticed a two-headed ogre
  7499 | D:8      | Killed a two-headed ogre
  7500 | D:8      | Reached skill level 13 in Fighting
  7500 | D:8      | Reached XP level 10. HP: 73/90 MP: 3/9
  7610 | D:8      | Found an iron altar of Okawaru.
  7657 | D:8      | Found an ancient bone altar of Kikubaaqudgha.
  7786 | D:8      | Noticed Prince Ribbit
  7800 | D:8      | Killed Prince Ribbit
  7995 | D:8      | Found a broken altar of Ashenzari.
  7995 | D:8      | Found a shimmering blue altar of Sif Muna.
  8003 | D:8      | Found a sparkling altar of Nemelex Xobeh.
  8077 | D:8      | Found a basalt altar of Yredelemnul.
  8403 | D:9      | Noticed an orange demon
  8466 | Lair:1   | Entered Level 1 of the Lair of Beasts
  8468 | Lair:1   | Reached skill level 14 in Fighting
  8468 | Lair:1   | Noticed a cane toad
  8473 | Lair:1   | Killed a cane toad
  8570 | Lair:1   | Noticed a cane toad
  8576 | Lair:1   | Killed a cane toad
  8589 | Lair:1   | Noticed Fannar
  8602 | Lair:1   | Killed Fannar
  9191 | Lair:1   | Noticed a cane toad
  9192 | Lair:1   | Noticed a cane toad
  9194 | Lair:1   | Reached skill level 15 in Fighting
  9194 | Lair:1   | Killed a cane toad
  9196 | Lair:1   | Killed a cane toad
  9197 | Lair:1   | Reached XP level 11. HP: 100/100 MP: 3/10
  9225 | Lair:1   | Reached *** piety under Hepliaklqana
  9578 | Lair:1   | Noticed an oklob plant
  9613 | Lair:1   | Killed an oklob plant
  9944 | Lair:2   | Reached skill level 16 in Fighting
 10100 | Lair:2   | Noticed a boulder beetle
 10123 | Lair:2   | Killed a boulder beetle
 10363 | Lair:2   | Reached skill level 17 in Fighting
 11160 | D:1      | Bought a potion of experience for 550 gold pieces
 11160 | D:1      | Bought a potion of curing for 33 gold pieces
 11161 | D:1      | Gained mutation: Your mind is acute. (Int +4, Str/Dex-1)
                  | [potion of mutation]
 11161 | D:1      | Gained mutation: You possess an exceptional clarity of
                  | mind. [potion of mutation]
 11161 | D:1      | Gained mutation: Your muscles are strong. (Str +4,
                  | Int/Dex-1) [potion of mutation]
 11162 | D:1      | Reached skill level 18 in Fighting
 11162 | D:1      | Reached XP level 12. HP: 115/115 MP: 3/11
 11338 | Lair:3   | Found a hole to the Spider Nest.
 11339 | Lair:3   | Reached **** piety under Hepliaklqana
 11483 | Lair:3   | Reached skill level 19 in Fighting
 11986 | Lair:3   | Reached XP level 13. HP: 103/123 MP: 4/12
 12121 | Lair:3   | Noticed Urug
 12130 | Lair:3   | Killed Urug
 12295 | Lair:3   | Reached skill level 10 in Armour
 13373 | Lair:4   | Found a staircase to the Swamp.
 13497 | Lair:4   | Found a snail-covered altar of Cheibriados.
 13963 | Lair:5   | Found a frozen archway.
 13990 | IceCv    | Entered an ice cave
 14204 | IceCv    | Found an ancient bone altar of Kikubaaqudgha.
 14221 | IceCv    | HP: 5/123 [freezing wraith (11)]
 14221 | IceCv    | Demolished by a freezing wraith

Illustrated notes

Levels and vault maps discovered:
D:1:      erik_arrival_triangle_medium, layout_basic, serial_shops, shop, shop,
          nicolae_shop_trees
D:2:      layout_basic
D:3:      layout_loops_corners, portal_sewer_entry_a,
          chequers_ecumenical_altar_simple_redux, hangedman_decor_points,
          uniq_natasha
D:4:      layout_basic, minmay_crossroads, uniq_ijyb
D:5:      layout_cave_pools, mainiacjoe_overflow_small_starburst,
          kennysheep_little_box, temple_statues, grunt_decor_mini_mirrors
D:6:      minmay_clustersquares, layout_loops_ring, minmay_ogre_servants
D:7:      layout_basic
D:8:      layout_basic, old_standard_altar, nicolae_overflow_hidden_temple,
          yredelemnul_altar_generic, lair_entry_dummy, uniq_prince_ribbit1
D:9:      layout_long_grid
Temple:   oiseaux_autumnal_temple
Lair:1:   lemuel_slime, layout_regular_city, serial_bayou_shore_a,
          grunt_megastairs_4, lemuel_fruit_tree, lemuel_fruit_fields,
          lemuel_fruit_fields, serial_bayou_shore_b, uniq_fannar
Lair:2:   layout_chaotic_city
Lair:3:   layout_cave_pods, nicolae_spider_entry_non_spiders,
          serial_bayou_shore_b, lemuel_fruit_fields, uniq_urug
Lair:4:   wander_river, layout_cellular_growth, swamp_mist, st_stairs_4,
          kennysheep_snail_temple
Lair:5:   regret_index_wax_grids, layout_layer_cave, slime_altar_1,
          portal_ice_cave_entry_imps, grunt_forest_large_clearings,
          infiniplex_staircase_pool
IceCv:    ice_cave_small_necro

Skill      XL: |  1  2  3  4  5  6  7  8  9 10 11 12 13 |
---------------+----------------------------------------+-----
Fighting       | 3 4 5 6 7 8 9 11 13 15 18 19 | 19.0
Maces & Flails | 1 3 5 8 11 13 | 13.7
Armour         | 6 8 13 | 13.0
Axes           | |  3.6
Throwing       | |  2.0
Dodging        | |  3.2

Action                   |  1- 3 |  4- 6 |  7- 9 | 10-12 | 13-15 || total
-------------------------+-------+-------+-------+-------+-------++-------
Melee: War axe           |    43 |       |       |       |       ||    43
       Headbutt          |     7 |     8 |    30 |    48 |    27 ||   120
       Hand axe          |    37 |    39 |       |       |       ||    76
       Punch             |     1 |       |       |       |       ||     1
       Dire flail        |       |    60 |   199 |   212 |   128 ||   599
Throw: Throwing net      |       |       |       |     1 |       ||     1
Invok: Ancestor Life: Ba |       |       |     1 |       |       ||     1
       Recall Ancestor   |       |       |       |       |     1 ||     1
  Use: Potion            |     1 |     4 |     1 |     4 |     2 ||    12
       Scroll            |       |     8 |     3 |     5 |       ||    16
 Stab: Distracted        |       |       |       |     1 |     1 ||     2
       Held in net/web   |       |       |       |     1 |       ||     1
Armor: Leather armour    |     3 |       |       |       |       ||     3
       Plate armour      |    40 |    66 |    77 |    65 |    59 ||   307
       Skin              |       |     5 |       |       |       ||     5
Dodge: Dodged            |    35 |    58 |   104 |    66 |    55 ||   318
Block: Buckler           |       |     7 |       |       |       ||     7

Table legend: (Time is in decaauts)
 A = Elapsed time spent in this place.
 B = Non-inter-level travel time spent in this place.
 C = Inter-level travel time spent in this place.
 D = Time resting spent in this place.
 E = Time spent auto-exploring this place.
 F = Levels seen in this place.
 G = Mean time per level.
                   A        B        C        D        E       F      G
               +--------+--------+--------+--------+--------+-----+--------+
         Total |  14152 |  13220 |    932 |    605 |  10896 |  17 |  832.5 |
       Dungeon |   8141 |   7449 |    692 |     87 |   6345 |   9 |  904.6 |
        Temple |    345 |    298 |     47 |      0 |    284 |   1 |  345.0 |
          Lair |   5157 |   4964 |    193 |    518 |   3929 |   5 | 1031.4 |
         Sewer |    282 |    282 |      0 |      0 |    151 |   1 |  282.0 |
      Ice Cave |    225 |    225 |      0 |      0 |    186 |   1 |  225.0 |
               +--------+--------+--------+--------+--------+-----+--------+

Top non-repeatable levels by time:
     D:2: 1386 daAuts
  Lair:1: 1336 daAuts
  Lair:3: 1295 daAuts
  Lair:4: 1285 daAuts
  Lair:2: 1216 daAuts
     D:8: 1155 daAuts
     D:4: 1075 daAuts
     D:1: 1058 daAuts
     D:3: 997 daAuts
     D:6: 896 daAuts
     D:5: 804 daAuts
     D:7: 764 daAuts
  Temple: 345 daAuts
   Sewer: 282 daAuts
   IceCv: 225 daAuts
